 Dungeon Crawl Stone Soup version 0.19-a0-734-ge18daf0 (webtiles) character file.

1276 mistymad the Archer (level 8, 0/71 HPs)
             Began as a Centaur Hunter on June 22, 2016.
             Was a Follower of Fedhas.
             Slain by zero's ghost (3 damage)
             ... on level 4 of the Dungeon.
             The game lasted 00:17:41 (3635 turns).

mistymad the Archer (Centaur Hunter)                Turns: 3635, Time: 00:17:42

Health: 0/71       AC:  5    Str: 15    XL:     8   Next: 29%
Magic:  8/8        EV:  9    Int: 10    God:    Fedhas [*.....]
Gold:   129        SH:  0    Dex: 12    Spells: 0 memorised, 7 levels left

rFire  . . .     SeeInvis .     b - +4 shortbow
rCold  + . .     Gourm    .     c - +1 leather armour
rNeg   + . .     Faith    .     (shield currently unavailable)
rPois  .         Spirit   .     (helmet restricted)
rElec  .         Dismiss  .     (no cloak)
rCorr  .         Reflect  .     (no gloves)
SustAt .         Harm     .     (no barding)
MR     .....     Rnd*Rage +     h - amulet of regeneration
Stlth  +.........               e - ring of positive energy
                                t - ring of protection from cold

@: very slightly contaminated, hasted, very quick, not resistant to hostile
enchantments, very unstealthy
A: hooves 3, horns 1, berserk 1, deformed body, speed 2, tough skin 3, wild
magic 1
a: Evolution, Renounce Religion


You were on level 4 of the Dungeon.
You worshipped Fedhas.
Fedhas was aware of your devotion.
You were not hungry.

You visited 2 branches of the dungeon, and saw 5 of its levels.
You also visited: Ossuary.

You collected 129 gold pieces.

Inventory:

Hand Weapons
 b - a +4 shortbow (weapon)
 j - a +2 dagger of venom
Missiles
 d - 91 arrows (quivered)
Armour
 c - a +1 leather armour (worn)
Jewellery
 e - a ring of positive energy (right hand)
 h - an amulet of regeneration (around neck)
 n - an uncursed ring of ice
 t - a ring of protection from cold (left hand)
 B - an uncursed ring of flight
Wands
 r - a wand of digging (14/24)
Scrolls
 k - a scroll of recharging
 l - 3 scrolls of enchant weapon
 v - 2 scrolls of remove curse
 F - a scroll of enchant armour
Potions
 a - 4 potions of curing {unknown}
 g - 3 potions of flight
 m - a potion of haste
 s - 4 potions of brilliance
 u - a potion of agility
 x - 2 potions of degeneration {unknown}
 z - 2 potions of resistance
 A - a potion of ambrosia
 E - a potion of heal wounds
Comestibles
 f - a bread ration
 i - 2 beef jerkies
 p - a meat ration
 q - 3 slices of pizza


   Skills:
 + Level 6.9 Fighting
 - Level 2.7 Short Blades
 + Level 10.2 Bows
 - Level 0.1 Armour
 - Level 1.3 Dodging
 - Level 0.5 Stealth


You had 7 spell levels left.
You didn't know any spells.

Dungeon Overview and Level Annotations

Branches:
Dungeon (4/15)             Temple (1/1) D:4

Altars:
Cheibriados
Fedhas
Hepliaklqana
Zin

Shops:
D:4 }[*[

Annotations:
D:4 zero's ghost, amateur DsGl


Innate Abilities, Weirdness & Mutations

You have hooves in place of feet.
Armour fits poorly on your strangely shaped body.
You cover ground very quickly.
You have extremely tough skin. (AC +3)
You have a pair of small horns on your head.
You tend to lose your temper in combat.
Your spells are a little harder to cast, but a little more powerful.


Message History

Press: ? - help, Shift-Dir - straight line, f - iguana
Aim: an iguana You shoot an arrow.
The arrow hits the iguana.
The iguana is lightly wounded.
The iguana closely misses you.
Firing (i - inventory):
d - 93 arrows (quivered)
Press: ? - help, Shift-Dir - straight line, f/p - iguana
Aim: an iguana (lightly wounded)
You shoot an arrow. The arrow barely misses the iguana.
Firing (i - inventory):
d - 92 arrows (quivered)
Press: ? - help, Shift-Dir - straight line, f/p - iguana
Aim: an iguana (lightly wounded)
You shoot an arrow.
The arrow hits the iguana but does no damage.
The iguana is lightly wounded.
The iguana bites you!
* * * LOW HITPOINT WARNING * * *
Zero's ghost hits you.
You die...
Fedhas appreciates your contribution to the ecosystem.

########## #.###.Z
..# .. #.##.). ...
. #####.##...
#@#.# ..##.#....
##.#. #####
#.##.#.### ...
#.(.###.##.#..#
#.#
###.#........#..#
#<#
#.l.###.#######.#
#.# #@# #.#
#....## #.# #W#
#.####W####. #..
#.###.#.†W...# #.
### #.....########
#W
##.####.....#####.
#..###.###..W..#.
##≈.≈##.# #####.#)
#≈≈(≈≈#.# #...
#≈≈∩≈≈#.# ####


You could see an iguana and zero's ghost.

Vanquished Creatures
  Sigmund (D:4)
  An orc warrior (D:3)
  A phantom (D:4)
  The ghost of Protee the Ruffian, an amateur DrTm (D:3)
  A centaur (D:3)
  7 scorpions (Ossuary)
  A crimson imp (D:4)
  2 orc priests (D:3)
  An orc wizard (D:3)
  2 worker ants (D:4)
  2 centaur skeletons (Ossuary)
  3 big kobold skeletons (Ossuary)
  3 mummies (Ossuary)
  5 adders
  2 oozes
  A worm (D:2)
  A dart slug (D:1)
  3 giant geckos (D:2)
  6 orcs (D:3)
  3 giant cockroaches
  13 goblins
  6 hobgoblins
  A jackal (D:1)
  5 kobolds
  3 quokkas
  A ball python (D:3)
  9 bats
  5 giant newts
  3 gnoll skeletons (Ossuary)
  A hobgoblin skeleton (Ossuary)
  A jackal skeleton (D:4)
  2 kobold skeletons (Ossuary)
  3 orc skeletons (Ossuary)
  12 rats
  A rat skeleton (D:4)
113 creatures vanquished.

Vanquished Creatures (others)
  A centaur skeleton (Ossuary)
  3 scorpion zombies (Ossuary)
  9 toadstools (Ossuary)
13 creatures vanquished.

Grand Total: 126 creatures vanquished

Notes
Turn   | Place    | Note
--------------------------------------------------------------
     0 | D:1      | mistymad the Centaur Hunter began the quest for the Orb.
     0 | D:1      | Reached XP level 1. HP: 17/17 MP: 1/1
    60 | D:1      | Reached skill level 1 in Short Blades
    91 | D:1      | Reached XP level 2. HP: 17/24 MP: 2/2
   274 | D:1      | Reached XP level 3. HP: 24/29 MP: 3/3
   880 | D:2      | Reached skill level 6 in Bows
   880 | D:2      | Reached XP level 4. HP: 31/37 MP: 4/4
  1505 | D:3      | Noticed a centaur
  1518 | D:3      | Killed a centaur
  1518 | D:3      | Reached XP level 5. HP: 20/45 MP: 5/5
  1563 | D:3      | Noticed Protee's ghost (amateur DrTm)
  1584 | D:3      | Killed Protee's ghost
  1584 | D:3      | Reached skill level 7 in Bows
  1688 | D:3      | Reached XP level 6. HP: 52/52 MP: 6/6
  1786 | D:3      | Noticed an orc warrior
  1844 | D:3      | Killed an orc warrior
  1876 | D:3      | Reached skill level 8 in Bows
  2257 | D:4      | Noticed Sigmund
  2278 | D:4      | Found Wisynukk's Antique Armour Shop.
  2278 | D:4      | Noticed zero's ghost (amateur DsGl)
  2362 | D:4      | Reached XP level 7. HP: 31/60 MP: 7/7
  2446 | D:4      | Found a staircase to the Ecumenical Temple.
  2464 | Temple   | Entered the Ecumenical Temple
  2473 | Temple   | Became a worshipper of Fedhas Madash
  2499 | D:4      | Reached skill level 5 in Fighting
  2532 | D:4      | Found Peduyc's Assorted Antiques.
  2836 | D:4      | Found Xysox's Armour Boutique.
  2938 | D:4      | Found a sand-covered staircase.
  2949 | Ossuary  | Entered an ossuary
  3039 | Ossuary  | Reached skill level 9 in Bows
  3044 | Ossuary  | Reached * piety under Fedhas
  3246 | Ossuary  | Reached XP level 8. HP: 67/71 MP: 8/8
  3424 | Ossuary  | Gained mutation: Your spells are a little harder to cast, but a little more powerful. [potion of mutation]
  3424 | Ossuary  | Gained mutation: You have a pair of small horns on your head. [potion of mutation]
  3424 | Ossuary  | Gained mutation: You tend to lose your temper in combat. [potion of mutation]
  3488 | D:4      | Found Ejol's Gadget Shop.
  3498 | D:4      | Killed Sigmund
  3498 | D:4      | Reached skill level 10 in Bows
  3635 | D:4      | HP: 3/71 [iguana (12)]
  3635 | D:4      | Slain by zero's ghost

Vault maps used:
D:1:      mainiacjoe_arrival_reflecting_pool, minmay_surrounded
D:4:      enter_ossuary_3, serial_shops, nicolae_shop_behind_doors,
          nicolae_shop_crystal, shop, nicolae_shop_waterfront,
          kennysheep_generic_room_6, uniq_sigmund
Temple:   zaba_magenta_temple
Ossuary:  ossuary_minmay_scorpions

Skill      XL: |  1  2  3  4  5  6  7  8 |
---------------+-------------------------+-----
Short Blades   | 1 2 |  2.7
Bows           | 6 7 8 9 10 | 10.2
Fighting       | 3 4 6 |  6.9
Armour         | |  0.1
Dodging        | |  1.3
Stealth        | |  0.5

Action                   |  1- 3 |  4- 6 |  7- 9 || total
-------------------------+-------+-------+-------++-------
Melee: Short sword       |    14 |       |       ||    14
       Kick              |    15 |    14 |    24 ||    53
       Dagger            |    87 |    95 |    77 ||   259
       Headbutt          |       |       |     2 ||     2
 Fire: Shortbow          |     1 |    68 |    99 ||   168
  Use: Scroll            |       |     7 |     9 ||    16
       Potion            |       |       |     3 ||     3
  Eat: Chunk             |       |     3 |     1 ||     4
       Bread ration      |       |       |     1 ||     1
Armor: Leather armour    |    24 |    36 |    22 ||    82
Dodge: Dodged            |    42 |    53 |    43 ||   138
